 Dungeon Crawl Stone Soup version 0.19-a0-1587-gaef70b6 (webtiles) character file.

208 dvd the Stinger (level 5, -6/37 HPs)
             Began as an Octopode Venom Mage on Sept 16, 2016.
             Killed by nerve-wracking pain
             ... invoked by Grinder
              (9 damage)
             ... on level 3 of the Dungeon.
             The game lasted 00:08:47 (3804 turns).

dvd the Stinger (Octopode Venom Mage)               Turns: 3804, Time: 00:08:48

Health: -6/37      AC:  5    Str:  6 (7)  XL:     5   Next: 86%
Magic:  9/9        EV: 10    Int: 15 (18) God:
Gold:   144        SH:  0    Dex: 11 (13) Spells: 2 memorised, 5 levels left

rFire  x . .     SeeInvis .     (weapon currently unavailable)
rCold  + + +     Gourm    .     (shield currently unavailable)
rNeg   . . .     Faith    .     (helmet currently unavailable)
rPois  +         Spirit   .     (no amulet)
rElec  .         Dismiss  .     (no ring)
rCorr  .         Reflect  .     (no ring)
MR     .....     Harm     .     (no ring)
Stlth  ++........               (no ring)
                                (no ring)
                                (no ring)
                                (no ring)
                                (no ring)

@: ice-form (expiring)
A: almost no armour, stealthy swim, amphibious, 8 rings, (constrict 8),
(camouflage 0), (gelatinous body 0)
a: no special abilities


You were on level 3 of the Dungeon.
You were not hungry.
You were a creature of crystalline ice.
You visited 1 branch of the dungeon, and saw 3 of its levels.

You collected 144 gold pieces.

Inventory:

Hand Weapons
 i - a +0 dagger (melded)
Scrolls
 c - 4 scrolls of identify {unknown}
 d - a scroll of blinking {unknown}
 e - 2 scrolls of enchant armour {unknown}
 k - 2 scrolls of teleportation {unknown}
 m - a scroll of remove curse {unknown}
 o - a scroll of random uselessness {unknown}
Books
 a - a Young Poisoner's Handbook

   Spells                             Type                      Level
   a - Sting                          Conjuration/Poison           1
   b - Mephitic Cloud                 Conjuration/Poison/Air       3
   c - Olgreb's Toxic Radiance        Poison                       4
   d - Alistair's Intoxication        Transmutation/Poison         5
   e - Venom Bolt                     Conjuration/Poison           5
Comestibles
 b - 3 bread rations
 f - 2 chunks of flesh


   Skills:
 + Level 0.2 Fighting
 + Level 0.8 Short Blades
 + Level 2.2 Dodging
 + Level 3.4 Stealth
 + Level 3.3 Spellcasting
 + Level 1.3 Conjurations
 + Level 6.6 Poison Magic


You had 5 spell levels left.
You knew the following spells:

 Your Spells              Type           Power        Failure   Level  Hunger
a - Sting                 Conj/Pois      ##..         4%          1    #......
b - Olgreb's Toxic Radia  Pois           ###.....     17%         4    #####..


Dungeon Overview and Level Annotations

Branches:
Dungeon (3/15)

Altars:
Cheibriados

Annotations:
D:3 Grinder; Torious's ghost, amateur DECj


Innate Abilities, Weirdness & Mutations

You cannot wear most types of armour.
You are very stealthy in the water.
You are amphibious.
You can wear up to eight rings at the same time.
((You can use your tentacles to constrict eight enemies at once.))
((Your skin changes colour to match your surroundings (Stealth+).))
((Your rubbery body absorbs attacks. (AC +1, EV +1)))


Message History

Grinder is severely wounded.
Grinder hits you.
You writhe in agony.
You hit Grinder.
Grinder is severely wounded.
Grinder hits you.
You writhe in agony.
You completely miss Grinder.
Grinder is severely wounded.
Grinder closely misses you.
You barely miss Grinder.
Grinder is severely wounded.
Your transformation is almost over.
Grinder hits you.
* * * LOW HITPOINT WARNING * * *
You writhe in agony.
* * * LOW HITPOINT WARNING * * *
You punch Grinder!
Grinder is almost dead.
Grinder gestures at you. Pain shoots through your body!
You die...

#.# #....>.....##.# ##..# #
#.# #...........#.####.#.## #
###.#####....................#
# #.....#
#.........#######...## #.....#
#.........# ##.## #.....#
#.........# #.# #.....#
#.........# #.# #.....#
#.........########.# ##.####
#.....5Y...........# # #.#
#####..#############
#.##########..##
#.#............#
#.#.########...###### #.#.#
#.)....... #.#.## ##..######
#....########..#
#.......#......# ######


You could see Grinder.

Vanquished Creatures
  A bullfrog zombie (D:3)
  A worker ant (D:3)
  10 adders
  2 worms (D:3)
  A dart slug (D:2)
  2 leopard geckos
  7 bats
  3 goblins
  9 hobgoblins
  A quokka (D:3)
  2 ball pythons (D:2)
  5 frilled lizards
  8 kobolds
  7 rats
59 creatures vanquished.

Notes
Turn   | Place    | Note
-------+----------+-------------------------------------------
     0 | D:1      | dvd the Octopode Venom Mage began the quest for the Orb.
     0 | D:1      | Reached XP level 1. HP: 11/11 MP: 3/3
   275 | D:1      | Reached skill level 5 in Poison Magic
   572 | D:1      | Reached XP level 2. HP: 17/17 MP: 0/5
  1196 | D:2      | Found a snail-covered altar of Cheibriados.
  1201 | D:2      | Reached XP level 3. HP: 20/21 MP: 2/6
  1529 | D:2      | HP: 1/21 [poisoned by an adder]
  1679 | D:2      | Reached XP level 4. HP: 22/27 MP: 0/7
  1796 | D:2      | Learned a level 4 spell: Olgreb's Toxic Radiance
  2004 | D:2      | Reached skill level 1 in Conjurations
  2205 | D:2      | Reached skill level 6 in Poison Magic
  2510 | D:3      | Noticed Torious's ghost (amateur DECj)
  2775 | D:3      | Reached XP level 5. HP: 24/31 MP: 0/9
  3760 | D:3      | Noticed Grinder
  3769 | D:3      | Paralysed by Grinder for 7 turns
  3791 | D:3      | Paralysed by Grinder for 5 turns
  3804 | D:3      | Killed from afar by Grinder

Vault maps used:
D:1:      kennysheep_arrival_forest
D:2:      old_standard_altar, first_bread
D:3:      tgw_trog, uniq_grinder, uniq_crazy_yiuf_cottage

Skill      XL: |  1  2  3  4  5 |
---------------+----------------+-----
Poison Magic   | 5 6 |  6.6
Stealth        | 3 |  3.4
Conjurations   | 1 |  1.3
Spellcasting   | 3 |  3.3
Fighting       | |  0.2
Short Blades   | |  0.8
Dodging        | |  2.2

Action                   |  1- 3 |  4- 6 || total
-------------------------+-------+-------++-------
Melee: Dagger            |    17 |    41 ||    58
       Constrict         |     4 |    11 ||    15
       Unarmed           |     1 |     9 ||    10
       Tentacles         |     2 |     8 ||    10
 Cast: Sting             |    54 |    36 ||    90
       Olgreb's Toxic Ra |       |    11 ||    11
  Use: Potion            |     4 |     2 ||     6
 Stab: Sleeping          |     4 |     3 ||     7
  Eat: Chunk             |     3 |     9 ||    12
Armor: Skin              |     6 |     3 ||     9
Dodge: Dodged            |    23 |    25 ||    48
